 Dungeon Crawl Stone Soup version 0.20.1-1-g8b1a95d (webtiles) character file.

76 Gargoyl the Skirmisher (level 4, -5/41 HPs)
             Began as a Minotaur Abyssal Knight on July 18, 2017.
             Was a Follower of Lugonu.
             Slain by a gnoll
             ... wielding a +0 flail
              (8 damage)
             ... on level 2 of the Dungeon.
             The game lasted 00:02:59 (1590 turns).

Gargoyl the Skirmisher (Minotaur Abyssal Knight)    Turns: 1590, Time: 00:03:00

Health: -5/41      AC:  5    Str: 16    XL:     4   Next: 12%
Magic:  4/4        EV: 10    Int:  9    God:    Lugonu [*.....]
Gold:   210        SH:  0    Dex: 11    Spells: 3/3 levels left

rFire    + . .     SeeInvis .   a - +1 hand axe
rCold    . . .     Gourm    .   (no shield)
rNeg     . . .     Faith    .   i - +0 ring mail
rPois    .         Spirit   .   d - +0 hat
rElec    .         Reflect  .   (no cloak)
rCorr    .         Harm     .   (no gloves)
MR       +....                  (no boots)
Stlth    +.........             (no amulet)
Regen    0.2/turn               e - ring of protection from fire
MPRegen  0.1/turn               g - ring of protection from magic

@: no status effects
A: retaliatory headbutt, horns 2
a: Depart the Abyss, Renounce Religion


You were on level 2 of the Dungeon.
You worshipped Lugonu.
Lugonu was aware of your devotion.
You were not hungry.

You visited 1 branch of the dungeon, and saw 2 of its levels.
You visited the Abyss 1 time.

You collected 210 gold pieces.

Inventory:

Hand Weapons
 a - a +1 hand axe (weapon)
Armour
 d - a +0 hat (worn)
 i - a +0 ring mail (worn)
Jewellery
 e - a ring of protection from fire (left hand)
 g - a ring of protection from magic (right hand)
Scrolls
 b - a scroll of remove curse
 n - 2 scrolls of identify
Potions
 f - a potion of resistance
 j - a potion of haste {unknown}
 k - a potion of heal wounds {unknown}
 l - a potion of invisibility {unknown}
 o - a potion of curing {unknown}
Comestibles
 c - 2 bread rations


   Skills:
 + Level 4.3 Fighting
 + Level 3.6 Axes
 * Level 3.1 Armour
 + Level 1.2 Dodging
 * Level 2.5 Invocations


You had 3 spell levels left.
You didn't know any spells.

Dungeon Overview and Level Annotations

Branches:
Dungeon (2/15)

Altars:


Innate Abilities, Weirdness & Mutations

You reflexively headbutt those who attack you in melee.
You have a pair of horns on your head.


Message History

The gnoll is lightly wounded.
The gnoll closely misses you.
The gnoll hits you from afar with a halberd.
You hit the gnoll.
You headbutt the gnoll, but do no damage.
The gnoll is severely wounded.
The gnoll hits you with a flail!
* * * LOW HITPOINT WARNING * * *
The gnoll barely misses you.
You barely miss the gnoll. Your headbutt misses the gnoll.
The gnoll is severely wounded.
The gnoll hits you but does no damage.
The gnoll hits you from afar with a halberd.
* * * LOW HITPOINT WARNING * * *
Unknown command.
It was a potion of magic.
Magic courses through your body. The gnoll closely misses you.
You furiously retaliate!
You headbutt the gnoll.
There is an escape hatch in the floor here.
The gnoll hits you with a flail!
You die...

##.#.#.## #.# ##.###.. #......# #.#
#.# ### ##......# #.###### #.#
........# #......# ##.#####
####...## #..###.# ##....... ###.##
#..# #.###.....### ##.#.#
#..###.##.......#
##....##########...##.#.........#
.......ยงยง.......@.....'.........'
##....##########g..##.#.........#
##.#.# #g.....##.......## ###.#
#.########.....## #.# #g# ##...##
#.## #g# #'## #..# #.# .# ##.# #.#
# #.# #.#


You could see 3 gnolls and a hobgoblin.

Vanquished Creatures
  A gnoll (D:2)
  An ooze (D:2)
  A worm (D:2)
  2 leopard geckos
  3 bats
  2 giant cockroaches
  15 goblins
  14 hobgoblins
  2 kobolds
  A ball python (D:2)
  3 frilled lizards
  4 rats
49 creatures vanquished.

Notes
Turn   | Place    | Note
-------+----------+-------------------------------------------
     0 | Abyss:1  | Gargoyl the Minotaur Abyssal Knight began the quest for the Orb.
     0 | Abyss:1  | Reached XP level 1. HP: 19/19 MP: 1/1
    39 | Abyss:2  | Found a corrupted altar of Lugonu.
    63 | Abyss:2  | Noticed a large abomination
    74 | Abyss:2  | Noticed a small abomination
    77 | Abyss:2  | Noticed an iron imp
    77 | D:1      | Escaped the Abyss
   201 | D:1      | Reached XP level 2. HP: 25/27 MP: 2/2
   280 | D:1      | Reached * piety under Lugonu
   363 | D:1      | Reached skill level 4 in Fighting
  1004 | D:2      | Reached XP level 3. HP: 33/33 MP: 3/3
  1288 | D:2      | Reached ** piety under Lugonu
  1569 | D:2      | Reached XP level 4. HP: 38/41 MP: 4/4
  1574 | D:2      | HP: 1/41 [gnoll/halberd (5)]
  1590 | D:2      | Slain by a gnoll

Skill      XL: |  1  2  3 |
---------------+----------+-----
Invocations    | 2 |  2.5
Fighting       | 4 |  4.3
Axes           | 3 |  3.6
Armour         | 3 |  3.1
Dodging        | |  1.2

Action                   |  1- 3 |  4- 6 || total
-------------------------+-------+-------++-------
Melee: Hand axe          |    87 |     5 ||    92
       Headbutt          |    12 |     1 ||    13
Invok: Depart the Abyss  |     1 |       ||     1
  Use: Scroll            |     5 |       ||     5
       Potion            |       |     1 ||     1
  Eat: Chunk             |     2 |       ||     2
Armor: Leather armour    |     5 |       ||     5
       Ring mail         |    28 |     1 ||    29
Dodge: Dodged            |    53 |     5 ||    58
